 Dungeon Crawl Stone Soup version 0.20-a0-1017-gc3250ce (webtiles) character file.

29101 4thArraOfDagon the Arsonist (level 13, 0/100 HPs)
             Began as a Barachi Fire Elementalist on Apr 16, 2017.
             Was the Champion of Cheibriados.
             Slain by an orc warrior
             ... wielding a +0 glaive
              (18 damage)
             ... while paralysed by an ogre mage
             ... on level 2 of the Orcish Mines.
             The game lasted 00:41:51 (5691 turns).

4thArraOfDagon the Arsonist (BaFE)                  Turns: 5691, Time: 00:41:51

Health: 0/100      AC: 12    Str: 25    XL:     13   Next: 43%
Magic:  2/35       EV:  2    Int: 40    God:    Cheibriados [******]
Gold:   707        SH:  0    Dex: 32    Spells: 14/30 levels left

rFire    . . .     SeeInvis .   g - +0 long sword (elec)
rCold    . . .     Gourm    .   u - +2 buckler
rNeg     . . .     Faith    .   q - +3 ring mail of the Locust {Int+6 Dex+5}
rPois    .         Spirit   .   (no helmet)
rElec    .         Reflect  .   (no cloak)
rCorr    .         Harm     .   O - +2 pair of gloves
MR       .....                  (no boots)
Stlth    ++........             (no amulet)
Regen    0.3/turn               p - ring of flight
MPRegen  0.3/turn               Q - ring of magical power

@: paralysed, very slow
A: +LOS, swims, clumsy 1, robust 1, shaggy fur 1, slowness 1, wild magic 1,
strong legs 2
a: Hop, Bend Time, Temporal Distortion, Slouch, Step From Time, Renounce
Religion, Evoke Flight


You were on level 2 of the Orcish Mines.
You worshipped Cheibriados.
Cheibriados was exalted by your worship.
You were not hungry.

You visited 2 branches of the dungeon, and saw 17 of its levels.
You also visited: Ossuary.

You collected 818 gold pieces.
You spent 111 gold pieces at shops.

Inventory:

Hand Weapons
 d - a +0 club
 f - a +0 short sword
 g - a +0 long sword of electrocution (weapon)
Armour
 a - a +0 robe
 q - the +3 ring mail of the Locust (worn) {Int+6 Dex+5}
   (You found it on level 6 of the Dungeon)

   It affects your intelligence (+6).
   It affects your dexterity (+5).
 r - a +0 ring mail
 u - a +2 buckler (worn)
 N - a +0 pair of gloves
 O - a +2 pair of gloves (worn)
 S - a +0 troll leather armour
Jewellery
 p - a ring of flight (left hand)
 Q - a ring of magical power (right hand)
Wands
 j - a wand of iceblast (0/15)
 l - a wand of scattershot (0/9)
 o - a wand of polymorph (0/24)
 B - a wand of digging (8/24)
 K - a wand of disintegration (9/24)
Scrolls
 e - a scroll of random uselessness
 h - a scroll of torment
 s - a scroll of amnesia
 w - 7 scrolls of remove curse
 y - 4 scrolls of fear
 z - 3 scrolls of teleportation
 E - 2 scrolls of enchant armour
 F - a scroll of recharging
 L - a scroll of fog
 M - 2 scrolls of identify
Potions
 i - 3 potions of invisibility
 m - 6 potions of curing
 n - 2 potions of haste
 v - a potion of brilliance
 x - 2 potions of berserk rage
 A - a potion of heal wounds
 C - 2 potions of cancellation
 D - 2 potions of flight
 G - a potion of agility
 H - a potion of might
 I - a potion of lignification
 J - a potion of degeneration
 P - a potion of magic
Books
 b - a book of Flames

   Spells                             Type                      Level
   a - Flame Tongue                   Conjuration/Fire             1
   b - Throw Flame                    Conjuration/Fire             2
   c - Conjure Flame                  Conjuration/Fire             3
   d - Inner Flame                    Hexes/Fire                   3
   e - Sticky Flame                   Conjuration/Fire             4
   f - Fireball                       Conjuration/Fire             5
Miscellaneous
 R - a fan of gales
Comestibles
 c - 9 bread rations
 t - 5 meat rations


   Skills:
 + Level 5.0 Fighting
 - Level 3.1 Long Blades
 + Level 8.1 Dodging
 - Level 1.7 Stealth
 - Level 5.0 Shields
 + Level 9.1 Spellcasting
 * Level 13.6 Conjurations
 * Level 13.8 Fire Magic
 + Level 2.5 Invocations


You had 14 spell levels left.
You knew the following spells:

 Your Spells              Type           Power        Failure   Level  Hunger
a - Flame Tongue          Conj/Fire      #####        1%          1    None
b - Sticky Flame          Conj/Fire      ########     1%          4    None
c - Conjure Flame         Conj/Fire      ########     1%          3    None
d - Regeneration          Chrm/Necr      ###.......   17%         3    None
e - Fireball              Conj/Fire      ########..   1%          5    ##.....


Dungeon Overview and Level Annotations

Branches:
Dungeon (15/15)            Temple (0/1) D:7             Orc (2/2) D:11
    Elf (0/3) Orc:2        Vaults (0/5) D:13
   Lair: D:8-11      Depths: D:15

Altars:
Cheibriados
Hepliaklqana
Qazlal
Vehumet
Wu Jian
Xom
Yredelemnul

Shops:
D:4 *   D:6 *   D:10 (   D:15 :

Annotations:
D:3 4thArraOfDagon's ghost, weakling BaFE
D:5 4thArraOfDagon's ghost, amateur BaMo
D:14 exclusion: Roxanne, Roxanne


Innate Abilities, Weirdness & Mutations

Shadows flee at your approach. (+LOS)
You can swim through water.
You cover ground slowly.
You can hop longer distances.
You are clumsy. (Dex -2)
You are robust. (+10% HP)
You are covered in fur. (AC +1)
Your spells are a little harder to cast, but a little more powerful.


Message History

You resist with significant effort.
An ogre comes into view. It is wielding a giant club.
The ogre mage hits you with a flail!
The ogre mage hits you but does no damage.
The two-headed ogre hits you with a giant club!!
The two-headed ogre hits you but does no damage.
An ogre comes into view. It is wielding a giant spiked club.
The ogre mage hits you but does no damage.
The two-headed ogre hits you with a giant club!!
* * * LOW HITPOINT WARNING * * *
The two-headed ogre hits you with a giant spiked club.
* * * LOW HITPOINT WARNING * * *
The ogre mage hits you with a flail.
* * * LOW HITPOINT WARNING * * *
Your magical contamination has completely faded away.
The two-headed ogre hits you but does no damage. x2
The ogre mage points at you and mumbles some strange words.
You shrug off the repeated paralysis!
The orc warrior hits you from afar with a glaive!!
You die...

.........................
.........................
................. .......
........O....)..##....#.#
......$....[...........#
.....[)...)..).........##
.......))..).[..........#
...)..[(<)))))[O........#
......))..OO).)O@........
...)..).......o.........#
................o..(.####
.............#..o..(.#
...........>........##
.....................#
.....$..........#.#...#
.....#................#
....$.........##


You could see a two-headed ogre, 2 ogre magi, an orc warrior, 2 ogres and 2
orcs.

Vanquished Creatures
  An ogre mage (Orc:2)
  2 centaur warriors (D:14)
  12 two-headed ogres
  2 tengu warriors (D:14)
  An orc high priest (Orc:1)
  An unseen horror (D:13)
  2 wizards
  2 orc knights
  A deep elf mage (D:11)
  An orb spider (shapeshifter) (D:15)
  6 ugly things (D:14)
  A cyclops (D:11)
  2 centaur zombies
  A gargoyle (D:13)
  3 kobold demonologists (D:13)
  A komodo dragon (D:14)
  4 trolls
  A meliai zombie (D:12)
  A hornet (D:14)
  A wyvern (D:11)
  A wraith (D:15)
  3 yaks (D:12)
  A vampire mosquito (D:15)
  2 wargs
  Menkaure (D:6)
  The ghost of 4thArraOfDagon the Firebug, an amateur BaFE (D:7)
  A water moccasin (shapeshifter) (D:14)
  A soldier ant (D:13)
  2 sky beasts
  3 black bears
  2 ice beasts
  12 orc warriors
  A necrophage (D:11)
  20 ogres
  4 centaurs
  A crocodile (D:12)
  2 big kobolds
  7 bullfrogs
  5 scorpions
  3 killer bees (D:7)
  3 wights
  A howler monkey (D:5)
  4 crimson imps
  3 jellies
  8 orc priests
  14 orc wizards
  3 centaur skeletons
  3 iguanas
  9 worker ants
  13 mummies
  A hound zombie (D:6)
  A worker ant zombie (D:10)
  5 adders
  3 gnolls (D:7)
  A shadow imp (D:8)
  2 oozes
  An adder skeleton (D:8)
  4 worms
  A dart slug (D:5)
  7 leopard geckos
  51 orcs
  4 bats
  2 giant cockroaches
  11 hobgoblins
  3 jackals
  13 kobolds
  3 quokkas
  2 ball pythons
  3 frilled lizards (D:1)
  8 goblins
  5 goblin skeletons (Ossuary)
  A goblin zombie (D:7)
  2 kobold skeletons (Ossuary)
  A kobold zombie (D:7)
  A quokka skeleton (D:5)
  9 rats
  11 rat skeletons (Ossuary)
336 creatures vanquished.

Vanquished Creatures (others)
  A two-headed ogre (Orc:2)
  An orc wizard (D:6)
  A kobold skeleton (Ossuary)
3 creatures vanquished.

Grand Total: 339 creatures vanquished

Notes
Turn   | Place    | Note
-------+----------+-------------------------------------------
     0 | D:1      | 4thArraOfDagon the Barachi Fire Elementalist began the quest for the Orb.
     0 | D:1      | Reached XP level 1. HP: 13/13 MP: 3/3
    96 | D:1      | Reached XP level 2. HP: 5/19 MP: 0/5
   356 | D:3      | Noticed 4thArraOfDagon's ghost (weakling BaFE)
   365 | D:3      | You fall through a shaft!
   386 | D:4      | quik: hi, gonna watch a little bit, if u don't mind
   393 | D:4      | Reached XP level 3. HP: 15/24 MP: 1/6
   410 | D:3      | Noticed a scorpion
   415 | D:4      | 4thArraOfDagon: sure!
   428 | D:4      | 4thArraOfDagon: you are welcome
   443 | D:4      | quik: thx
   543 | D:5      | Entered Level 5 of the Dungeon
   543 | D:5      | Noticed an ogre
   546 | D:5      | Killed an ogre
   546 | D:5      | Reached XP level 4. HP: 30/30 MP: 7/7
   552 | D:5      | Learned a level 4 spell: Sticky Flame
   585 | D:5      | Noticed 4thArraOfDagon's ghost (amateur BaMo)
   643 | D:5      | Found a snail-covered altar of Cheibriados.
   654 | D:5      | Became a worshipper of Cheibriados the Contemplative
   656 | D:5      | Reached XP level 5. HP: 35/35 MP: 8/8
   666 | D:5      | Learned a level 3 spell: Conjure Flame
   693 | D:5      | Noticed a sky beast
   711 | D:6      | Noticed Menkaure
   935 | D:4      | Found Reonuid's General Store.
   938 | D:4      | Bought a potion of heal wounds for 55 gold pieces
  1003 | D:3      | Found a stormy altar of Qazlal.
  1056 | D:3      | Reached * piety under Cheibriados
  1168 | D:1      | kuniqs: speedrun again?
  1394 | D:2      | Reached ** piety under Cheibriados
  1412 | D:2      | Reached XP level 6. HP: 36/42 MP: 10/10
  1429 | D:2      | 4thArraOfDagon: yea i think
  1441 | D:2      | kuniqs: wheee
  1441 | D:2      | 4thArraOfDagon: i usually base the pace on the god so here we go
  1582 | D:5      | Killed a sky beast
  1582 | D:5      | Reached skill level 1 in Fighting
  1585 | D:5      | Gained mutation: Your spells are a little harder to cast, but a little more powerful. [mutagenic meat]
  1586 | D:5      | Gained mutation: You are clumsy. (Dex -2) [mutagenic meat]
  1587 | D:5      | Gained mutation: You are robust. (+10% HP) [mutagenic meat]
  1588 | D:5      | Gained mutation: You are covered in fur. (AC +1) [mutagenic meat]
  1641 | D:5      | Reached skill level 1 in Shields
  1663 | D:5      | Noticed an ice beast
  1736 | D:5      | Reached skill level 5 in Fire Magic
  1758 | D:5      | Found an ornate altar of the Wu Jian Council.
  1761 | D:5      | Found a basalt altar of Yredelemnul.
  1763 | D:5      | Found a radiant altar of Vehumet.
  1833 | D:5      | Killed an ice beast
  1833 | D:5      | Reached XP level 7. HP: 46/55 MP: 1/11
  1965 | D:6      | Reached skill level 5 in Conjurations
  1974 | D:6      | Got a bloodstained ring mail
  2023 | D:6      | Reached *** piety under Cheibriados
  2051 | D:6      | Found a shimmering altar of Xom.
  2078 | D:6      | Killed Menkaure
  2078 | D:6      | Reached XP level 8. HP: 47/63 MP: 7/13
  2093 | D:6      | Learned a level 3 spell: Regeneration
  2168 | D:6      | Identified the +3 ring mail of the Locust {Int+6 Dex+5} (You found it on level 6 of the Dungeon)
  2244 | D:7      | Found a staircase to the Ecumenical Temple.
  2246 | D:7      | Noticed 4thArraOfDagon's ghost (amateur BaFE)
  2304 | D:7      | Killed 4thArraOfDagon's ghost
  2484 | D:7      | Found a sand-covered staircase.
  2491 | Ossuary  | Entered an ossuary
  2553 | Ossuary  | Reached **** piety under Cheibriados
  2767 | D:6      | Found Kifegioz's General Store.
  2776 | D:6      | Bought a potion of lignification for 42 gold pieces
  2776 | D:6      | Bought a potion of degeneration for 14 gold pieces
  2825 | D:7      | Reached XP level 9. HP: 69/69 MP: 10/15
  2832 | D:7      | Learned a level 5 spell: Fireball
  2940 | D:8      | Found a hazy altar of Hepliaklqana.
  3031 | D:8      | Got a crystal morningstar
  3032 | D:8      | Identified the cursed +0 morningstar "Taigenir" {freeze, Fragile MR+ Str+7 Int-5} (You found it on level 8 of the Dungeon)
  3135 | D:8      | Reached ***** piety under Cheibriados
  3164 | D:8      | Noticed a two-headed ogre
  3169 | D:8      | Killed a two-headed ogre
  3169 | D:8      | Reached skill level 5 in Spellcasting
  3218 | D:8      | Reached skill level 5 in Shields
  3293 | D:9      | Reached XP level 10. HP: 69/77 MP: 13/18
  3325 | D:10     | Entered Level 10 of the Dungeon
  3358 | D:10     | Found Coyrhom's Weapon Shoppe.
  3468 | D:10     | Noticed a two-headed ogre
  3476 | D:10     | Killed a two-headed ogre
  3682 | D:10     | Noticed a gargoyle
  3694 | D:11     | Noticed a deep elf mage
  3703 | D:11     | Noticed a cyclops
  3703 | D:11     | Killed a deep elf mage
  3705 | D:11     | Reached skill level 10 in Fire Magic
  3706 | D:11     | Killed a cyclops
  3827 | D:11     | Reached skill level 10 in Conjurations
  3988 | D:12     | You fall through a shaft!
  3989 | D:13     | :(
  4020 | D:13     | Noticed a kobold demonologist
  4022 | D:13     | Noticed a kobold demonologist
  4025 | D:13     | Noticed a kobold demonologist
  4088 | D:12     | Found a snail-covered altar of Cheibriados.
  4091 | D:12     | Reached XP level 11. HP: 81/81 MP: 18/20
  4197 | D:12     | Noticed a two-headed ogre
  4199 | D:12     | Killed a two-headed ogre
  4212 | D:12     | Noticed a two-headed ogre
  4214 | D:12     | Killed a two-headed ogre
  4214 | D:12     | Reached skill level 5 in Dodging
  4217 | D:12     | :(
  4224 | D:12     | 4thArraOfDagon: faik
  4251 | D:13     | Noticed an unseen horror
  4254 | D:13     | Killed an unseen horror
  4416 | D:14     | kuniqs: when will crawl allow you to create your own race?
  4447 | D:14     | Noticed a centaur warrior
  4453 | D:14     | Killed a centaur warrior
  4459 | D:14     | Noticed Roxanne
  4537 | D:15     | Entered Level 15 of the Dungeon
  4537 | D:15     | Noticed an orb spider
  4539 | D:15     | Killed an orb spider
  4540 | D:15     | Noticed a centaur warrior
  4562 | D:14     | Reached ****** piety under Cheibriados
  4572 | D:14     | Noticed a tengu warrior
  4595 | D:14     | Noticed a centaur warrior
  4597 | D:14     | Killed a centaur warrior
  4624 | D:14     | Noticed a cyan ugly thing
  4624 | D:14     | Noticed a cyan ugly thing
  4626 | D:14     | Noticed a cyan ugly thing
  4627 | D:14     | Noticed a cyan ugly thing
  4628 | D:14     | Noticed a cyan ugly thing
  4629 | D:14     | Killed a cyan ugly thing
  4631 | D:14     | Noticed a cyan ugly thing
  4634 | D:14     | Killed a cyan ugly thing
  4634 | D:14     | Reached XP level 12. HP: 61/88 MP: 15/23
  4759 | D:15     | Found Ysmisi's Book Boutique.
  4790 | D:15     | Noticed a two-headed ogre
  4790 | D:15     | Noticed a two-headed ogre
  4825 | D:14     | Noticed a tengu warrior
  4829 | D:14     | Killed a tengu warrior
  4830 | D:14     | Killed a tengu warrior
  4850 | D:13     | Noticed a two-headed ogre
  4854 | D:13     | Killed a two-headed ogre
  4878 | D:13     | Found a gate to the Vaults.
  5016 | D:11     | Found a staircase to the Orcish Mines.
  5129 | Orc:1    | Entered Level 1 of the Orcish Mines
  5239 | Orc:2    | Entered Level 2 of the Orcish Mines
  5239 | Orc:2    | Found a staircase to the Elven Halls.
  5244 | Orc:2    | Noticed a two-headed ogre
  5245 | Orc:2    | Noticed a two-headed ogre
  5248 | Orc:2    | Noticed a two-headed ogre
  5331 | Orc:1    | Reached skill level 1 in Invocations
  5364 | Orc:1    | Noticed an orc high priest
  5368 | Orc:1    | Killed an orc high priest
  5493 | Orc:2    | Killed a two-headed ogre
  5493 | Orc:2    | Gained mutation: You can hop longer distances. [Barachi growth]
  5493 | Orc:2    | Reached XP level 13. HP: 96/96 MP: 18/25
  5666 | Orc:2    | Noticed an ogre mage
  5670 | Orc:2    | Killed an ogre mage
  5671 | Orc:2    | Reached skill level 5 in Fighting
  5678 | Orc:2    | Noticed an ogre mage
  5686 | Orc:2    | Paralysed by an ogre mage for 6 turns
  5691 | Orc:2    | Slain by an orc warrior

Vault maps used:
D:1:      dpeg_arrival_three_same_balls
D:2:      minmay_close_crescents
D:3:      wad_river_or_something, nicolae_qazlal_general_emergency
D:4:      first_bread, serial_shops, nicolae_shop_behind_doors
D:5:      gammafunk_temple_overflow_forgotten, kennysheep_slug_shrine
D:6:      serial_shops, nicolae_shop_trees, basic_altar, grunt_decor_arrowhead,
          uniq_menkaure
D:7:      minmay_temple_entry_glassed_door, nicolae_ossuary_entry_giza
D:8:      nicolae_overflow_hidden_temple, serial_shops, kennysheep_mini
D:9:      dpeg_oklobed_lair
D:10:     serial_shops, shop_statue, grunt_ogre_cave
D:11:     hiddenorc1_lemuel
D:12:     lab_entry_generic, basic_altar
D:13:     david_vaults_1
D:14:     hangedman_abyss_or_decor_jellyfish_corner, minmay_crystal_room,
          uniq_roxanne
D:15:     gammafunk_enter_depths_forms, nicolae_tso_carved_into_rock,
          serial_shops, nicolae_shop_stone
Orc:2:    st_orc_ogre_mass, serial_shops, shop
Ossuary:  ossuary_due_small_catacomb

Skill      XL: |  1  2  3  4  5  6  7  8  9 10 11 12 13 |
---------------+----------------------------------------+-----
Conjurations   | 2 3 4 5 7 8 10 11 13 | 13.6
Long Blades    | 2 3 |  3.1
Fire Magic     | 4 5 6 7 9 10 12 13 | 13.8
Fighting       | 2 3 4 5 |  5.0
Shields        | 1 2 3 5 |  5.0
Spellcasting   | 3 4 5 6 7 8 9 |  9.1
Dodging        | 4 6 7 8 |  8.1
Invocations    | 1 2 |  2.5
Stealth        | |  1.7

Action                   |  1- 3 |  4- 6 |  7- 9 | 10-12 | 13-15 || total
-------------------------+-------+-------+-------+-------+-------++-------
Melee: Unarmed           |     7 |       |       |       |       ||     7
       Long sword        |     6 |    65 |   129 |   184 |    13 ||   397
       Short sword       |     1 |       |       |       |       ||     1
 Cast: Flame Tongue      |    23 |    78 |    54 |     2 |     2 ||   159
       Sticky Flame      |       |     2 |    14 |    18 |     1 ||    35
       Conjure Flame     |       |     1 |     3 |    17 |       ||    21
       Fireball          |       |       |     4 |    60 |    17 ||    81
 Abil: Hop               |     2 |     3 |     1 |       |     2 ||     8
Evoke: Wand              |     2 |     1 |     8 |    10 |     3 ||    24
  Use: Scroll            |     4 |     3 |    15 |     7 |     1 ||    30
       Potion            |     1 |       |     2 |     2 |       ||     5
 Stab: Sleeping          |     1 |     1 |     4 |     3 |       ||     9
       Invisible         |       |       |       |     1 |       ||     1
       Distracted        |       |       |       |     1 |       ||     1
  Eat: Chunk             |       |     7 |     3 |     5 |       ||    15
       Fruit             |       |       |     3 |       |       ||     3
       Royal jelly       |       |       |     1 |     3 |       ||     4
       Bread ration      |       |       |       |       |     1 ||     1
Armor: Robe              |     8 |    10 |     5 |       |       ||    23
       Ring mail         |       |       |    50 |    55 |     7 ||   112
Dodge: Dodged            |    33 |    65 |   108 |   156 |    32 ||   394
Block: Buckler           |       |    15 |     2 |   118 |    20 ||   155
       Rpst.: Long sword |     2 |    21 |    31 |    35 |     7 ||    96
